 Dungeon Crawl Stone Soup version 0.30-a0-630-g881e3bac89 (webtiles) character file.

Game seed: 2399565920725255303

5743 Bnni the Slicer (level 10, -1/53 HPs)
             Began as a Vine Stalker Brigand on Jan 13, 2023.
             Was a Priest of Uskayaw.
             Slain by an 11-headed hydra (8 damage)
             ... on level 8 of the Dungeon.
             The game lasted 00:10:21 (6222 turns).

Bnni the Slicer (Vine Stalker Brigand)              Turns: 6222, Time: 00:10:21

Health: -1/53      AC: 12    Str: 14    XL:     10   Next: 77%
Magic:  0/15       EV:  7    Int: 11    God:    Uskayaw [***...]
Gold:   563        SH: 11    Dex: 20    Spells: 9/9 levels left

rFire   + . .      SeeInvis .    b - +1 short sword (elec)
rCold   . . .      Faith    .    o - +0 kite shield
rNeg    . . .      Spirit   +    K - +2 scale mail of Qijuawigo {rF+ Will+}
rPois   +          Reflect  .    O - +0 helmet
rElec   .          Harm     .    c - +0 cloak
rCorr   +          Rampage  .    t - +0 pair of gloves
Will    ++...                    M - +0 pair of boots
Stlth   ++                       I - amulet of regeneration
HPRegen 1.88/turn                x - ring of resist corrosion
MPRegen 0.14/turn                j - ring of poison resistance

@: no status effects
A: fangs 3, regeneration 1, magic shield, antimagic bite, no potion heal 2
a: Renounce Religion, Stomp, Line Pass


You were on level 8 of the Dungeon.
You worshipped Uskayaw.
Uskayaw was noncommittal.
You visited 2 branches of the dungeon, and saw 9 of its levels.

You collected 563 gold pieces.

Inventory:

Hand Weapons
 b - a +1 short sword of electrocution (weapon)
 E - a +1 dagger of venom
Missiles
 d - 19 poisoned darts (quivered)
 e - 6 curare-tipped darts
Armour
 c - a +0 cloak (worn)
 o - a +0 kite shield (worn)
 t - a +0 pair of gloves (worn)
 D - the +6 chain mail of Time Monsters {+Blink rF- rC+}
   (You found it on level 4 of the Dungeon)

   rF:        It makes you vulnerable to fire.
   rC:        It protects you from cold.
   +Blink:    It lets you blink.
 K - the +2 scale mail of Qijuawigo (worn) {rF+ Will+}
   (You found it on level 6 of the Dungeon)

   rF:        It protects you from fire.
   Will:      It increases your willpower.
 M - a +0 pair of boots (worn)
 O - a +0 helmet (worn)
Jewellery
 j - a ring of poison resistance (right hand)
 n - a ring of ice
 s - a ring of flight
 x - a ring of resist corrosion (left hand)
 I - an amulet of regeneration (around neck)
Wands
 a - a wand of acid (5)
 r - a wand of flame (18)
 L - a wand of polymorph (6)
Scrolls
 f - 4 scrolls of vulnerability {unknown}
 g - a scroll of brand weapon {unknown}
 k - 2 scrolls of blinking
 m - 10 scrolls of identify {unknown}
 p - a scroll of noise {unknown}
 q - 3 scrolls of poison {unknown}
 y - 2 scrolls of teleportation {unknown}
 G - a scroll of enchant weapon {unknown}
 J - 4 scrolls of enchant armour {unknown}
 P - a scroll of fog {unknown}
Potions
 h - 3 potions of flight {unknown}
 i - a potion of ambrosia {unknown}
 l - 9 potions of curing {unknown}
 u - 3 potions of attraction {unknown}
 v - 2 potions of invisibility {unknown}
 w - 3 potions of heal wounds {unknown}
 z - a potion of might {unknown}
 A - a potion of lignification {unknown}
 B - 2 potions of brilliance {unknown}
 F - a potion of degeneration {unknown}
 H - 2 potions of magic {unknown}
 N - a potion of haste {unknown}
Miscellaneous
 C - a phial of floods


   Skills:
 + Level 6.9 Fighting
 * Level 9.8 Short Blades
 - Level 1.7 Throwing
 - Level 0.7 Dodging
 - Level 4.8 Stealth
 + Level 6.2 Shields
 + Level 6.2 Invocations


You had 9 spell levels left.
You didn't know any spells.
Your spell library contained the following spells:

 Spells                   Type           Power      Damage    Failure   Level
 Sandblast                Erth           0%         2d4       99%         1
 Passwall                 Tmut/Erth      0%         N/A       100%        2
 Frozen Ramparts          Ice            0%         1d1       100%        3
 Stone Arrow              Conj/Erth      0%         3d7       100%        3
 Ice Form                 Ice/Tmut       0%         N/A       100%        4
 Summon Ice Beast         Ice/Summ       0%         N/A       100%        4


Dungeon Overview and Level Annotations

Branches:
Dungeon (8/15)             Temple (1/1) D:4
   Lair: D:8-11

Altars:
Ashenzari
Cheibriados
Dithmenos
Elyvilon
Fedhas
Gozag
Hepliaklqana
Kikubaaqudgha
Makhleb
Nemelex Xobeh
Okawaru
Qazlal
Ru
Sif Muna
Trog
Uskayaw
Vehumet
Wu Jian
Xom
Yredelemnul
Zin
The Shining One

Shops:
D:8 *

Annotations:
D:4 2 runed translucent doors
D:8 1 runed translucent door


Innate Abilities, Weirdness & Mutations

You have razor-sharp teeth.
Your natural rate of healing is unusually fast.
When hurt, damage is shared between your health and your magic reserves.
Your bite disrupts and absorbs the magic of your enemies.
Potions cannot restore your health.


Message History

Uskayaw prepares the audience for your solo!
The helpless Soborki's ghost fails to defend itself.
You perforate Soborki's ghost like a sieve!!!
You bite Soborki's ghost, but do no damage.
Soborki's ghost is severely damaged.
The 11-headed hydra is no longer paralysed.
Uskayaw will force your foes to share their pain.
Uskayaw links your audience in an emotional bond!
The helpless Soborki's ghost fails to defend itself.
You spit Soborki's ghost like a pig!!!
You destroy Soborki's ghost!
You hit the 11-headed hydra.
The 11-headed hydra is severely wounded.
The 11-headed hydra completely misses you.
The 11-headed hydra bites you but does no damage. x3
The 11-headed hydra barely misses you.
You block the 11-headed hydra's attack. x2
The 11-headed hydra bites you but does no damage. x3
The 11-headed hydra bites you.
You hit the 11-headed hydra.
The 11-headed hydra is severely wounded.
Aiming: Line Pass
Press: ? - help, Dir - move target The 11-headed hydra appears confused.
The 11-headed hydra bites you! The 11-headed hydra closely misses you.
You block the 11-headed hydra's attack.
The 11-headed hydra bites you but does no damage.
The 11-headed hydra barely misses you. The 11-headed hydra bites you!
The 11-headed hydra bites you. You block the 11-headed hydra's attack.
The 11-headed hydra bites you. The 11-headed hydra bites you!
* * * LOW HITPOINT WARNING * * *
The 11-headed hydra bites you but does no damage.
You hit the 11-headed hydra.
The 11-headed hydra is almost dead.
You block the 11-headed hydra's attack. The 11-headed hydra bites you.
* * * LOW HITPOINT WARNING * * *
The 11-headed hydra bites you.
* * * LOW HITPOINT WARNING * * *
The 11-headed hydra barely misses you. You block the 11-headed hydra's attack.
The 11-headed hydra bites you but does no damage.
The 11-headed hydra bites you!
You die...

#.......#.##.##
##.
##.....#####..#
#. #......#
#<## #.
#.♣♣##..####
#.# ##
#♣...P##.# #.#
### #♣.....♣#.#
#.#####..
#P..).$♣#.#
#.......#
#P$....♣#D#
#########
##.....##@#
###'''##..#
#........##
####.....#
#######


You could see a 11-headed hydra (confused, corroded, pain bonded).

Vanquished Creatures
  The ghost of Soborki the Severer, a novice MiBe of Trog (D:8)
  Pikel (D:7)
  Joseph (D:7)
  A troll (D:8)
  4 yaks (D:8)
  2 vampire mosquitoes
  Menkaure (D:5)
  Edmund (D:4)
  A black bear (D:7)
  An orc warrior (D:4)
  An ice beast (D:5)
  2 centaurs
  2 phantoms
  A kobold brigand (D:6)
  A necrophage (D:4)
  3 bullfrogs
  2 wyvern zombies (D:5)
  11 scorpions
  2 water moccasin zombies (D:5)
  A wight (D:5)
  A killer bee (D:8)
  3 howler monkeys (D:7)
  3 centaur zombies (D:5)
  A bullfrog zombie (D:5)
  7 hounds
  Crazy Yiuf (D:4)
  3 jellies
  An orc priest (D:8)
  3 gnoll boudas (D:7)
  4 iguanas
  5 orc wizards
  A killer bee zombie (D:5)
  A hound zombie (D:5)
  A hound skeleton (D:5)
  15 gnolls
  8 adders
  2 shadow imps
  2 ufetubi
  An adder zombie (D:5)
  A worm (D:2)
  6 dart slugs
  20 orcs
  6 endoplasms
  6 giant cockroaches
  7 goblins
  6 hobgoblins
  4 jackals (D:2)
  5 quokkas
  6 ball pythons
  6 bats
  3 frilled lizards
  15 kobolds
  13 rats
  A butterfly (D:8)
208 creatures vanquished.

Vanquished Creatures (others)
  3 withered plants (D:5)
3 creatures vanquished.

Grand Total: 211 creatures vanquished

Notes
Turn   | Place    | Note
-------+----------+-------------------------------------------
     0 | D:1      | Bnni the Vine Stalker Brigand began the quest for the Orb.
     0 | D:1      | Reached XP level 1. HP: 11/11 MP: 2/2
    11 | D:1      | Reached skill level 2 in Short Blades
   259 | D:1      | Reached XP level 2. HP: 15/15 MP: 3/3
   640 | D:1      | Reached XP level 3. HP: 18/18 MP: 4/4
  1117 | D:2      | Reached skill level 3 in Short Blades
  1199 | D:2      | Gained mutation: Your natural rate of healing is unusually
                  | fast. [Vine Stalker growth]
  1199 | D:2      | Reached XP level 4. HP: 23/23 MP: 5/5
  1596 | D:2      | Reached XP level 5. HP: 28/28 MP: 6/6
  2030 | D:3      | Reached skill level 4 in Short Blades
  2065 | D:3      | Found a faded altar of an unknown god.
  2324 | D:4      | Reached skill level 1 in Shields
  2350 | D:4      | Noticed a phantom
  2355 | D:4      | Killed a phantom
  2356 | D:4      | Reached XP level 6. HP: 32/32 MP: 7/7
  2485 | D:4      | Found a staircase to the Ecumenical Temple.
  2502 | D:4      | Reached skill level 5 in Short Blades
  2504 | Temple   | Entered the Ecumenical Temple
  2688 | Temple   | Became a worshipper of Uskayaw the Reveller
  2761 | D:4      | Found a large runed translucent door.
  2761 | D:4      | Found a large runed translucent door.
  2765 | D:4      | Noticed an orc warrior
  2790 | D:4      | Reached * piety under Uskayaw
  2792 | D:4      | Reached XP level 7. HP: 37/37 MP: 6/8
  2792 | D:4      | Reached ** piety under Uskayaw
  2834 | D:4      | Found a large runed translucent door.
  2834 | D:4      | Found a large runed translucent door.
  2847 | D:4      | Reached skill level 1 in Invocations
  2856 | D:4      | Identified the +6 chain mail of Time Monsters {+Blink rF-
                  | rC+}
  2906 | D:4      | Reached *** piety under Uskayaw
  3112 | D:4      | Noticed Edmund
  3120 | D:4      | Killed Edmund
  3194 | D:4      | Found a runed translucent door.
  3195 | D:4      | Noticed Crazy Yiuf
  3201 | D:4      | Killed Crazy Yiuf
  3476 | D:5      | Entered Level 5 of the Dungeon
  3493 | D:5      | Reached skill level 6 in Short Blades
  3493 | D:5      | Gained mutation: You have razor-sharp teeth. [Vine Stalker
                  | growth]
  3493 | D:5      | Reached XP level 8. HP: 40/42 MP: 10/10
  3497 | D:5      | Reached **** piety under Uskayaw
  3695 | D:5      | Reached skill level 5 in Fighting
  3722 | D:5      | Noticed Menkaure
  3732 | D:5      | Killed Menkaure
  3733 | D:5      | Reached skill level 7 in Short Blades
  3733 | D:5      | Reached XP level 9. HP: 47/47 MP: 8/12
  3868 | D:5      | Reached ***** piety under Uskayaw
  4108 | D:6      | Identified the +2 scale mail of Qijuawigo {rF+ Will+}
  4260 | D:6      | Identified the +1 scale mail of Laups {rN+}
  4659 | D:7      | Reached skill level 8 in Short Blades
  4801 | D:7      | Noticed Joseph
  4822 | D:7      | Killed Joseph
  4823 | D:7      | Reached skill level 5 in Shields
  5162 | D:7      | Reached skill level 5 in Invocations
  5301 | D:7      | Noticed Pikel
  5312 | D:7      | Killed Pikel
  5313 | D:7      | Reached XP level 10. HP: 50/53 MP: 12/15
  5648 | D:8      | Reached skill level 9 in Short Blades
  5696 | D:8      | Found Pukick's Neck Hole.
  5726 | D:8      | Found a glowing golden altar of the Shining One.
  5760 | D:8      | Found a runed translucent door.
  5762 | D:8      | Found a runed translucent door.
  6046 | D:8      | Found a runed translucent gate.
  6046 | D:8      | Found a runed translucent gate.
  6046 | D:8      | Found a runed translucent gate.
  6202 | D:8      | Noticed an 11-headed hydra
  6202 | D:8      | Noticed Soborki's ghost (novice MiBe)
  6218 | D:8      | Killed Soborki's ghost
  6222 | D:8      | Slain by an 11-headed hydra

Illustrated notes

Levels and vault maps discovered:
D:1:      dpeg_arrival_prison, layout_basic, serial_glass, glass_columns_a,
          glass_columns_a, glass_columns_c, glass_columns_a, glass_columns_b,
          glass_columns_c, feat_on_display, feat_on_display,
          minmay_strange_pillars, minivault_27
D:2:      minmay_chambers_of_ones, layout_loops_ring,
          chequers_serial_rivers_large_a, roderic_cross_of_infinity,
          minmay_tromino_v4_b
D:3:      layout_rooms, shapermc_ecumenical_altar_petra
D:4:      minmay_chambers_of_fours, layout_gridville,
          minmay_temple_entry_crystal_x, minmay_hollow_rounded_squares,
          uniq_edmund, uniq_crazy_yiuf_cottage
D:5:      minmay_clustersquares, layout_rooms, serial_undead, serial_undead_f,
          serial_undead_b, serial_undead_e, serial_undead_d, uniq_menkaure
D:6:      layout_loops_ring
D:7:      layout_loops_corners, grunt_decor_arrowhead, uniq_joseph, uniq_pikel
D:8:      lemuel_insect_pit, layout_rooms, tso_altar,
          gammafunk_ghost_hydra_chop, nicolae_shop_sticking_my_neck_out
Temple:   mainiacjoe_temple_starburst

Skill      XL: |  1  2  3  4  5  6  7  8  9 10 |
---------------+-------------------------------+-----
Short Blades   | 2 3 4 5 6 7 8 9 |  9.8
Fighting       | 2 3 4 5 6 |  6.9
Shields        | 1 2 3 4 5 6 |  6.2
Invocations    | 2 3 5 6 |  6.2
Throwing       | |  1.7
Dodging        | |  0.7
Stealth        | |  4.8

Action                   |  1- 3 |  4- 6 |  7- 9 | 10-12 || total
-------------------------+-------+-------+-------+-------++-------
Melee: Dagger            |    66 |       |       |       ||    66
       Bite              |    17 |    39 |    93 |    22 ||   171
       Short sword       |     7 |   132 |   287 |    75 ||   501
       Punch             |     1 |       |       |       ||     1
Throw: Dart              |       |       |     2 |     7 ||     9
Invok: Line Pass         |       |       |       |     1 ||     1
Evoke: Wand              |       |       |       |     5 ||     5
  Use: Scroll            |       |     1 |       |       ||     1
 Stab: Sleeping          |    13 |    14 |     5 |     1 ||    33
       Paralysed         |       |       |    13 |    10 ||    23
       Distracted        |       |       |     1 |       ||     1
Armor: Robe              |     1 |       |       |       ||     1
       Leather armour    |    16 |     3 |       |       ||    19
       Ring mail         |       |    37 |    60 |       ||    97
       Scale mail        |       |       |    31 |    33 ||    64
Dodge: Dodged            |    34 |    29 |    65 |    23 ||   151
Block: Kite shield       |       |    27 |   133 |    31 ||   191

Table legend: (Time is in decaauts)
 A = Elapsed time spent in this place.
 B = Non-inter-level travel time spent in this place.
 C = Inter-level travel time spent in this place.
 D = Time resting spent in this place.
 E = Time spent auto-exploring this place.
 F = Levels seen in this place.
 G = Mean time per level.
                   A        B        C        D        E       F      G
               +--------+--------+--------+--------+--------+-----+--------+
         Total |   6142 |   5900 |    242 |    100 |   4466 |   9 |  682.4 |
       Dungeon |   5901 |   5714 |    187 |    100 |   4290 |   8 |  737.6 |
        Temple |    240 |    185 |     55 |      0 |    176 |   1 |  240.0 |
               +--------+--------+--------+--------+--------+-----+--------+

Top non-repeatable levels by time:
     D:1: 1082 daAuts
     D:7: 947 daAuts
     D:4: 924 daAuts
     D:2: 794 daAuts
     D:8: 603 daAuts
     D:5: 579 daAuts
     D:6: 547 daAuts
     D:3: 421 daAuts
  Temple: 240 daAuts
